 Dungeon Crawl Stone Soup version 0.31-a0-1178-gc5c9b8f871 (webtiles) character file.

Game seed: 1565000317570301342

585 qw the Shooter (level 7, -10/43 HPs)
             Began as a Gargoyle Hunter on Dec 11, 2023.
             Mangled by an orc warrior
             ... wielding a +0 scimitar
              (14 damage)
             ... on level 6 of the Dungeon.
             The game lasted 00:01:59 (4335 turns).

qw the Shooter (Gargoyle Hunter)                    Turns: 4335, Time: 00:01:59

Health: -10/43     AC: 10    Str: 15    XL:     7   Next: 37%
Magic:  7/7        EV: 12    Int:  9    God:
Gold:   305        SH:  0    Dex: 15    Spells: 6/6 levels left

rFire   + . .        a - +0 shortbow
rCold   . . .        (shield currently unavailable)
rNeg    + . .        b - +1 robe of Divine Compulsion {Will+}
rPois   inf          (no helmet)
rElec   +            (no cloak)
rCorr   .            j - +0 pair of gloves
SInv    .            g - +0 pair of boots
Will    +....        (no amulet)
Stlth   ++           d - ring of protection from fire
HPRegen 0.27/turn    (no ring)
MPRegen 0.10/turn

%: no passive effects
@: no status effects
A: sickness immunity, AC +4, negative energy resistance 1, electricity
resistance, torment resistance 1, petrification resistance
a: no special abilities


You were on level 6 of the Dungeon.
You visited 1 branch of the dungeon, and saw 6 of its levels.

You collected 305 gold pieces.


Innate Abilities, Weirdness & Mutations

You are immune to sickness and miasma.
Your stone body is resilient. (AC +4)
You are immune to poison.
You resist negative energy. (rN+)
You are resistant to electric shocks. (rElec)
You are resistant to unholy torment.
You are immune to petrification.


   Skills:
 - Level 4.0 Fighting
 + Level 7.8 Ranged Weapons
 - Level 1.1 Armour
 - Level 2.0 Dodging
 - Level 1.1 Stealth


You had 6 spell levels left.
You didn't know any spells.
Your spell library was empty.

Inventory:

Hand Weapons
 a - a +0 shortbow (weapon)
Armour
 b - the +1 robe of Divine Compulsion (worn) {Will+}
   (You found it on level 2 of the Dungeon)

   Will+:     It increases your willpower.
 e - a +0 ring mail
 g - a +0 pair of boots (worn)
 j - a +0 pair of gloves (worn)
Jewellery
 d - a ring of protection from fire (left hand)
Wands
 c - a wand of flame (20)
 h - a wand of quicksilver (11)
 l - a wand of mindburst (2)
Potions
 f - a potion of curing

Dungeon Overview and Level Annotations

Branches:
Dungeon (7/15)
 Temple: D:4-7

Altars:
Uskayaw

Shops:
D:2 =

Annotations:
D:2 1 runed translucent door, Crazy Yiuf


Message History

The gnoll picks up the pace!
You hear a shout!
You shoot an arrow. The arrow hits the orc warrior.
The orc warrior is heavily wounded.
The orc warrior barely misses you.
You shoot an arrow.
The arrow barely misses the orc warrior.
The arrow hits the scorpion.
The scorpion is moderately wounded.
The orc warrior hits you with a +0 scimitar.
You shoot an arrow.
The arrow closely misses the orc warrior.
The arrow hits the scorpion.
The scorpion is heavily wounded.
The orc warrior hits you with a +0 scimitar!
You shoot an arrow.
The arrow barely misses the orc warrior.
The arrow hits the scorpion.
The scorpion is almost dead.
A gnoll comes into view. It is wielding a +0 flail.
The orc warrior misses you.
You shoot an arrow.
The arrow closely misses the orc warrior.
The arrow barely misses the scorpion.
The arrow hits the ice beast but does no damage.
The ice beast is moderately wounded.
The orc warrior hits you with a +0 scimitar.
You shoot an arrow.
The arrow barely misses the orc warrior.
The arrow closely misses the scorpion.
The arrow completely misses the ice beast.
The orc warrior hits you with a +0 scimitar.
You shoot an arrow. The arrow hits the orc warrior.
The orc warrior is heavily wounded.
The orc warrior hits you with a +0 scimitar!
You shoot an arrow.
The arrow hits the orc warrior but does no damage.
The orc warrior is heavily wounded.
The orc warrior hits you with a +0 scimitar!
You die...

###### #....#
#.>..# ###....#
#......#
#.#....#
#@#....#
###o#....#
#gos##.###
#.ggY.......
#.......$......
##.............
#...........>.
#........$....
...............


You could see an orc warrior, an ice beast, a gnoll bouda, a scorpion, a gnoll
(swift) and an orc.

Vanquished Creatures
  A water moccasin (D:7)
  A scorpion (D:3)
  An orc priest (D:3)
  Terence (D:3)
  Jessica (D:2)
  An orc wizard (D:6)
  5 adders
  14 gnolls (D:3)
  3 orcs (D:3)
  4 bats
  11 endoplasms
  A giant cockroach (D:1)
  30 goblins
  27 hobgoblins
  4 jackals (D:1)
  8 kobolds
  4 ball pythons
  A frilled lizard (D:1)
  7 rats
125 creatures vanquished.

Notes
Turn   | Place    | Note
-------+----------+-------------------------------------------
     0 | D:1      | qw the Gargoyle Hunter began the quest for the Orb.
     0 | D:1      | Reached XP level 1. HP: 12/12 MP: 1/1
     0 | D:1      | 0 ||| qw: Version: 0.3-a-106-g2cfff9e
     0 | D:1      | 0 ||| qw: Game counter: 2027
     0 | D:1      | 0 ||| qw: Melee chars always use a shield: true
     0 | D:1      | 0 ||| qw: God list: Okawaru
     0 | D:1      | 0 ||| qw: Allow faded altars: false
     0 | D:1      | 0 ||| qw: Do Orc after clearing Dungeon:15 true
     0 | D:1      | 0 ||| qw: Do second Lair branch before Depths: true
     0 | D:1      | 0 ||| qw: Lair rune preference: random
     0 | D:1      | 0 ||| qw: Goals: Normal, Save, Zot:1-4, Win
     0 | D:1      | 0 ||| PLANNING D:1-11
    76 | D:1      | Reached XP level 2. HP: 17/17 MP: 2/2
   439 | D:1      | Reached XP level 3. HP: 18/21 MP: 3/3
   562 | D:1      | Reached skill level 5 in Ranged Weapons
   773 | D:1      | 773 ||| UPGRADING to +0 ring mail.
   783 | D:1      | 783 ||| DROPPING +0 leather armour.
   784 | D:1      | 784 ||| READING scroll labelled KUEGOE EROTZ.
   885 | D:1      | 885 ||| DRINKING 2 red potions.
   886 | D:1      | 886 ||| DROPPING scroll of butterflies.
   887 | D:1      | 887 ||| DROPPING potion of invisibility.
   913 | D:2      | 913 ||| STAIRDANCE
   924 | D:2      | Reached skill level 1 in Armour
   932 | D:2      | Identified the +1 robe of Divine Compulsion {Will+}
   936 | D:2      | Noticed Jessica
   939 | D:2      | 939 ||| FLEEEEING.
   940 | D:2      | 940 ||| STAIRDANCE
   970 | D:1      | 970 ||| UPGRADING to +1 robe of Divine Compulsion {Will+}.
   983 | D:2      | 983 ||| STAIRDANCE
   983 | D:2      | HP: 1/21 [Jessica/puff of flame (12)]
  1073 | D:2      | 1073 ||| STAIRDANCE
  1087 | D:2      | 1087 ||| STAIRDANCE
  1191 | D:2      | 1191 ||| STAIRDANCE
  1237 | D:2      | 1237 ||| STAIRDANCE
  1277 | D:2      | 1277 ||| FLEEEEING.
  1278 | D:2      | 1278 ||| FLEEEEING.
  1279 | D:2      | 1279 ||| STAIRDANCE
  1312 | D:2      | 1312 ||| FLEEEEING.
  1313 | D:2      | Killed Jessica
  1314 | D:2      | Reached skill level 3 in Fighting
  1314 | D:2      | Reached XP level 4. HP: 25/28 MP: 4/4
  1314 | D:2      | 1314 ||| STAIRDANCE
  1562 | D:2      | Found Dumutan's Jewellery Boutique.
  1570 | D:2      | 1570 ||| SHOPLISTING +5 ring of evasion (504 gold, have
                  | 79).
  1570 | D:2      | 1570 ||| SHOPLISTING +6 ring of dexterity (504 gold, have
                  | 79).
  1570 | D:2      | 1570 ||| SHOPLISTING amulet of reflection (420 gold, have
                  | 79).
  1570 | D:2      | 1570 ||| SHOPLISTING amulet of regeneration (420 gold, have
                  | 79).
  1570 | D:2      | 1570 ||| SHOPLISTING ring of protection from cold (350
                  | gold, have 79).
  1570 | D:2      | 1570 ||| SHOPLISTING ring of resist corrosion (280 gold,
                  | have 79).
  1688 | D:2      | Found a runed translucent door.
  1689 | D:2      | Noticed Crazy Yiuf
  2008 | D:2      | 2008 ||| UPGRADING to +0 pair of gloves.
  2013 | D:2      | 2013 ||| READING scroll labelled JAIHUANOVO.
  2013 | D:2      | 2013 ||| IDENTIFYING amethyst potion
  2014 | D:2      | 2014 ||| READING scroll labelled GETENE ZUMEBUNK.
  2015 | D:2      | 2015 ||| READING scroll labelled EPRAL DETARAXAER.
  2110 | D:2      | 2110 ||| DRINKING 2 silvery potions.
  2111 | D:2      | 2111 ||| DROPPING potion of magic.
  2190 | D:3      | Noticed Terence
  2205 | D:3      | Killed Terence
  2206 | D:3      | Reached XP level 5. HP: 27/32 MP: 5/5
  2281 | D:3      | Reached skill level 6 in Ranged Weapons
  2380 | D:3      | Reached XP level 6. HP: 18/38 MP: 6/6
  2380 | D:3      | 2380 ||| FLEEEEING.
  2381 | D:3      | 2381 ||| FLEEEEING.
  2382 | D:3      | 2382 ||| FLEEEEING.
  2383 | D:3      | 2383 ||| FLEEEEING.
  2384 | D:3      | 2384 ||| FLEEEEING.
  2385 | D:3      | 2385 ||| FLEEEEING.
  2386 | D:3      | 2386 ||| FLEEEEING.
  2387 | D:3      | 2387 ||| FLEEEEING.
  2388 | D:3      | 2388 ||| FLEEEEING.
  2389 | D:3      | 2389 ||| FLEEEEING.
  2390 | D:3      | 2390 ||| FLEEEEING.
  2391 | D:3      | 2391 ||| FLEEEEING.
  2392 | D:3      | 2392 ||| FLEEEEING.
  2393 | D:3      | 2393 ||| FLEEEEING.
  2394 | D:3      | 2394 ||| FLEEEEING.
  2395 | D:3      | 2395 ||| FLEEEEING.
  2396 | D:3      | 2396 ||| FLEEEEING.
  2397 | D:3      | 2397 ||| FLEEEEING.
  2398 | D:3      | 2398 ||| FLEEEEING.
  2399 | D:3      | 2399 ||| FLEEEEING.
  2400 | D:3      | 2400 ||| FLEEEEING.
  2401 | D:3      | 2401 ||| FLEEEEING.
  2402 | D:3      | 2402 ||| FLEEEEING.
  2403 | D:3      | 2403 ||| FLEEEEING.
  2404 | D:3      | 2404 ||| FLEEEEING.
  2405 | D:3      | 2405 ||| FLEEEEING.
  2406 | D:3      | 2406 ||| FLEEEEING.
  2407 | D:3      | 2407 ||| FLEEEEING.
  2408 | D:3      | 2408 ||| FLEEEEING.
  2409 | D:3      | 2409 ||| FLEEEEING.
  2410 | D:3      | 2410 ||| FLEEEEING.
  2411 | D:3      | 2411 ||| FLEEEEING.
  2412 | D:3      | 2412 ||| FLEEEEING.
  2413 | D:3      | 2413 ||| FLEEEEING.
  2414 | D:3      | 2414 ||| FLEEEEING.
  2415 | D:3      | 2415 ||| FLEEEEING.
  2416 | D:3      | 2416 ||| FLEEEEING.
  2417 | D:3      | 2417 ||| FLEEEEING.
  2418 | D:3      | 2418 ||| FLEEEEING.
  2419 | D:3      | 2419 ||| FLEEEEING.
  2420 | D:3      | 2420 ||| FLEEEEING.
  2421 | D:3      | 2421 ||| FLEEEEING.
  2422 | D:3      | 2422 ||| FLEEEEING.
  2699 | D:3      | 2699 ||| FLEEEEING.
  2745 | D:3      | 2745 ||| FLEEEEING.
  2746 | D:3      | 2746 ||| FLEEEEING.
  2747 | D:3      | 2747 ||| FLEEEEING.
  2750 | D:3      | 2750 ||| FLEEEEING.
  2751 | D:3      | 2751 ||| FLEEEEING.
  3146 | D:3      | Reached skill level 7 in Ranged Weapons
  3147 | D:3      | HP: 7/38 [kobold/+0 dagger (3)]
  3153 | D:3      | HP: 5/38 [kobold/+0 short sword (1)]
  3463 | D:3      | Reached XP level 7. HP: 18/43 MP: 7/7
  3760 | D:3      | 3760 ||| UPGRADING to +0 pair of boots.
  3765 | D:3      | 3765 ||| UPGRADING to ring of protection from fire.
  3841 | D:4      | Found a hide-covered altar of Uskayaw.
  4153 | D:4      | You fall into a shaft and drop 3 floors!
  4296 | D:7      | 4296 ||| READING scroll of identify.
  4296 | D:7      | 4296 ||| IDENTIFYING scroll labelled OTOHOE QESSOYFITI
  4297 | D:7      | 4297 ||| DROPPING scroll of amnesia.
  4314 | D:6      | 4314 ||| Stepping ~*~*~tactically~*~*~ (retreating).
  4319 | D:6      | 4319 ||| Stepping ~*~*~tactically~*~*~ (retreating).
  4333 | D:6      | HP: 10/43 [orc warrior/+0 scimitar (3)]
  4334 | D:6      | HP: 3/43 [orc warrior/+0 scimitar (7)]
  4335 | D:6      | Mangled by an orc warrior

Levels and vault maps discovered:
D:1:      dpeg_arrival_simpleton_b, layout_basic, serial_bayou,
          serial_bayou_pond_a, serial_bayou_ford_a, serial_bayou_pond_d,
          serial_bayou_shore_b
D:2:      layout_basic, serial_shops, shop_fountains, kennysheep_pointless_box,
          dk_noncrumbling_3, uniq_jessica, uniq_crazy_yiuf_cottage
D:3:      minmay_goblin_kobold_castle, layout_loops_ring, minivault_11,
          uniq_terence
D:4:      layout_layer_cave, mainiacjoe_overflow_catwalk,
          mainiacjoe_overflow_small_starburst, chei_slow_surprise
D:6:      layout_rooms, kennysheep_generic_room_11
D:7:      layout_loops_ring, xom_redecorated, minivault_1,
          serial_library_hellmonk_filled_rooms

Skill      XL: |  1  2  3  4  5  6 |
---------------+-------------------+-----
Ranged Weapons | 5 6 7 |  7.8
Armour         | 1 |  1.1
Fighting       | 3 4 |  4.0
Dodging        | 2 |  2.0
Stealth        | |  1.1

Action                     |  1- 3 |  4- 6 |  7- 9 || total
---------------------------+-------+-------+-------++-------
   Fire: Shortbow          |   117 |   284 |    58 ||   459
    Use: Scroll            |     1 |     3 |     1 ||     5
         Potion            |     1 |     1 |       ||     2
 Armour: Leather armour    |    39 |       |       ||    39
         Ring mail         |     9 |       |       ||     9
         Robe              |     6 |   136 |    28 ||   170
  Dodge: Dodged            |    40 |   123 |    34 ||   197

Table legend:
 A = Non-vault XP
 B = Vault XP
 C = Vault XP percentage of total XP
 D = Non-vault monster count
 E = Vault monster count
 F = Vault count percentage of total count
                 A         B        C        D         E       F
            +---------+---------+-------+---------+---------+-------
      Total |     572 |     264 |  31.6 |      68 |      57 |  45.6
            +---------+---------+-------+---------+---------+-------
        D:1 |      44 |       0 |   0.0 |      25 |       0 |   0.0
        D:2 |      68 |      37 |  35.2 |      20 |       1 |   4.8
        D:3 |     253 |     227 |  47.3 |      19 |      56 |  74.7
        D:4 |       2 |       0 |   0.0 |       1 |       0 |   0.0
        D:6 |      48 |       0 |   0.0 |       2 |       0 |   0.0
        D:7 |     157 |       0 |   0.0 |       1 |       0 |   0.0
            +---------+---------+-------+---------+---------+-------
